 Dungeon Crawl Stone Soup version 0.18.1-48-g4cf74bf (webtiles) character file.

575 Alarkh the Shooter (level 7, -1/50 HPs)
             Began as a Mummy Hunter on Aug 29, 2016.
             Slain by dvd's ghost (7 damage)
             ... on level 5 of the Dungeon.
             The game lasted 00:06:07 (3449 turns).

Alarkh the Shooter (Mummy Hunter)                   Turns: 3449, Time: 00:06:08

Health: -1/50      AC:  6    Str: 15    XL:     7   Next: 12%
Magic:  7/7        EV: 11    Int: 13    God:
Gold:   254        SH:  0    Dex: 12    Spells: 0 memorised, 6 levels left

rFire  x . .     SeeInvis .     a - +2 shortbow
rCold  + + .     Gourm    .     c - +0 leather armour
rNeg   + + +     Faith    .     (shield currently unavailable)
rPois  ∞         Spirit   .     r - +2 hat
rElec  .         Dismiss  .     f - +0 cloak
rCorr  .         Reflect  .     (no gloves)
SustAt .         Harm     .     (no boots)
MR     .....                    (no amulet)
Stlth  +.........               (no ring)
                                v - ring of protection from cold

@: not resistant to hostile enchantments, very unstealthy
A: no food or potions, fire vulnerability, cold resistance 1, negative energy
resistance 3, torment resistance, unbreathing
a: no special abilities


You were on level 5 of the Dungeon.
You were not hungry.

You visited 1 branch of the dungeon, and saw 5 of its levels.

You collected 254 gold pieces.

Inventory:

Hand Weapons
 a - a +2 shortbow (weapon)
 b - a +2 dagger of draining
 h - a +0 short sword
 w - a +0 quarterstaff
Missiles
 d - 3 arrows (quivered)
 s - a throwing net
Armour
 c - a +0 leather armour (worn)
 f - a +0 cloak (worn)
 r - a +2 hat (worn)
Jewellery
 v - a ring of protection from cold (left hand)
Wands
 p - a wand of lightning (6/15)
 q - a wand of paralysis (16/24)
Scrolls
 e - a scroll of identify
 i - a scroll of enchant armour {unknown}
 j - a scroll of magic mapping
 k - 2 scrolls of enchant weapon
 l - 2 scrolls of recharging
 m - 2 scrolls of remove curse {unknown}
 n - 2 scrolls of noise {unknown}
 o - a scroll of amnesia {unknown}
 t - a scroll of immolation {unknown}
 u - a scroll of fog {unknown}


   Skills:
 - Level 2.0 Fighting
 + Level 7.2 Bows
 - Level 1.5 Dodging
 - Level 0.7 Stealth


You had 6 spell levels left.
You didn't know any spells.

Dungeon Overview and Level Annotations

Branches:
Dungeon (5/15)
 Temple: D:4-7

Altars:
Cheibriados
Dithmenos
Makhleb
The Shining One

Annotations:
D:5 dvd's ghost, novice MiFi


Innate Abilities, Weirdness & Mutations

You do not eat or drink.
Your flesh is vulnerable to fire.
You are immune to poison.
Your flesh is cold resistant.
You are immune to negative energy.
You are immune to unholy pain and torment.
You can survive without breathing.


Message History

* * * LOW HITPOINT WARNING * * *
Zapping:
p - a wand of lightning {zapped: 5} (will waste charges)
Press: ? - help, Shift-Dir - straight line You hear a mighty clap of thunder!
The bolt of lightning hits dvd's ghost.
Dvd's ghost appears unharmed.
Dvd's ghost is severely damaged.
The bolt of lightning hits dvd's ghost.
Dvd's ghost is severely damaged.
Evoking this partially-identified wand wasted a few charges.
Dvd's ghost closely misses you.
Zapping:
p - a wand of lightning {zapped: 7} (will waste charges)
Press: ? - help, Shift-Dir - straight line You hear a mighty clap of thunder!
The bolt of lightning hits dvd's ghost.
Dvd's ghost appears unharmed.
Dvd's ghost is severely damaged.
The bolt of lightning hits dvd's ghost.
Dvd's ghost is almost destroyed.
Evoking this partially-identified wand wasted a few charges.
Dvd's ghost hits you!
You die...

,,,**##* ,,,+,..* **##*****
.,,**#.##### *..,,,,,* ..,*
#.#...# *.#****,* ..,* #.#...#
####.#,,,*,* ...* #.....#
#....#,,<*,* ...####....#
####....#,***,*
###...#....#####.W'....#,,,,,*
......†.......>#@##....#******
###...####..§######....#
###Y###§§§§§## #....#
#(##§§§§§§.## #....#
#.#§§§§§§§§.###....#
#.§(§§§.§§§...(...##
#§....§_.....(###.#
#.§§§§.§.§§§§.....#
###§§§§.§§§§#######


You could see dvd's ghost.

Vanquished Creatures
  An ice beast (D:5)
  A sky beast (D:4)
  An ogre (D:5)
  A phantom (D:5)
  A centaur zombie (D:5)
  3 worker ants (D:4)
  2 adders
  4 gnolls (D:4)
  An ooze (D:4)
  An adder skeleton (D:4)
  2 worms
  An orc (D:5)
  3 ball pythons
  5 giant cockroaches
  8 goblins
  4 hobgoblins
  A kobold (D:1)
  10 quokkas
  4 bats
  A giant cockroach zombie (D:5)
  A giant newt (D:3)
  A jackal skeleton (D:4)
  A quokka skeleton (D:4)
  5 rats
  3 plants (D:4)
66 creatures vanquished.

Vanquished Creatures (others)
  A plant (D:4)
1 creature vanquished.

Grand Total: 67 creatures vanquished

Notes
Turn   | Place    | Note
--------------------------------------------------------------
     0 | D:1      | Alarkh the Mummy Hunter began the quest for the Orb.
     0 | D:1      | Reached XP level 1. HP: 16/16 MP: 1/1
   222 | D:1      | Reached XP level 2. HP: 22/22 MP: 2/2
   581 | D:2      | Reached skill level 4 in Bows
   581 | D:2      | Reached XP level 3. HP: 27/27 MP: 3/3
   692 | D:2      | Found a snail-covered altar of Cheibriados.
   861 | D:2      | Found a burning altar of Makhleb.
  1008 | D:3      | Found a glowing golden altar of the Shining One.
  1422 | D:4      | Noticed a sky beast
  1564 | D:4      | Reached XP level 4. HP: 33/33 MP: 4/4
  1662 | D:4      | Reached skill level 5 in Bows
  1874 | D:4      | Killed a sky beast
  1874 | D:4      | Reached XP level 5. HP: 38/38 MP: 5/5
  2359 | D:4      | Reached skill level 6 in Bows
  2993 | D:5      | Entered Level 5 of the Dungeon
  2994 | D:5      | Noticed dvd's ghost (novice MiFi)
  2996 | D:5      | Noticed a phantom
  2996 | D:5      | Noticed an ice beast
  2997 | D:5      | Noticed an ogre
  3001 | D:5      | Found a shadowy altar of Dithmenos.
  3066 | D:5      | Reached XP level 6. HP: 26/44 MP: 6/6
  3403 | D:5      | Noticed an ice beast
  3431 | D:5      | Killed an ice beast
  3431 | D:5      | Reached skill level 7 in Bows
  3446 | D:5      | Reached XP level 7. HP: 22/50 MP: 7/7
  3449 | D:5      | Slain by dvd's ghost

Skill      XL: |  1  2  3  4  5  6 |
---------------+-------------------+-----
Bows           | 4 5 6 7 |  7.2
Fighting       | |  2.0
Dodging        | |  1.5
Stealth        | |  0.7

Action                   |  1- 3 |  4- 6 |  7- 9 || total
-------------------------+-------+-------+-------++-------
Melee: Dagger            |    29 |   231 |       ||   260
 Fire: Shortbow          |    70 |   130 |       ||   200
Evoke: Wand              |       |     4 |     4 ||     8
  Use: Scroll            |     1 |     6 |       ||     7
 Stab: Paralysed         |       |     3 |       ||     3
Armor: Leather armour    |    23 |    31 |       ||    54
Dodge: Dodged            |    39 |    47 |     1 ||    87
